 Dungeon Crawl Stone Soup version 0.26-a0-540-g8a0c9464d7 (webtiles) character file.

Game seed: 1569054492820728737

26597 HammerPanzer the Bludgeoner (level 12, -2/103 HPs)
             Began as a Demonspawn Berserker on Aug 20, 2020.
             Was the Champion of Trog.
             Slain by a centaur warrior (5 damage)
             ... on level 14 of the Dungeon.
             The game lasted 00:46:28 (17599 turns).

HammerPanzer the Bludgeoner (Demonspawn Berserker) Turns: 17599, Time: 00:46:29

Health: -2/103     AC: 17    Str: 24    XL:     12   Next: 99%
Magic:  4/4        EV: 14    Int: 10    God:    Trog [******]
Gold:   999        SH:  0    Dex: 13    Spells: 11/11 levels left

rFire    . . .     SeeInvis .   H - +3 dire flail (antimagic)
rCold    + + +     Faith    +   (shield currently unavailable)
rNeg     . . .     Spirit   .   o - +5 scale mail {rF+}
rPois    .         Reflect  .   c - +0 helmet
rElec    .         Harm     .   E - +0 cloak {rC+}
rCorr    .                      (no gloves)
MR       .....                  d - +1 pair of boots
Stlth    ..........             B - amulet of faith
HPRegen  0.27/turn              I - ring of ice
MPRegen  0.09/turn              l - ring of the Shouting Queen {rC+ EV+4 Str+3}

@: berserk cooldown, slowed, lightly drained, very slow
A: hooves 2, slimy green scales 1, powered by pain 1, spiny 2
a: Berserk, Trog's Hand, Brothers in Arms, Renounce Religion


You were on level 14 of the Dungeon.
You worshipped Trog.
Trog was exalted by your worship.
You visited 1 branch of the dungeon, and saw 14 of its levels.
You also visited: Gauntlet and Ice Cave.

You collected 999 gold pieces.

Inventory:

Hand Weapons
 j - a +1 dire flail of draining
 t - a +2 flail of draining
 u - a +3 great mace
 H - a +3 antimagic dire flail (weapon)
Missiles
 i - 51 poisoned darts (quivered)
Armour
 c - a +0 helmet (worn)
 d - a +1 pair of boots (worn)
 o - a +5 scale mail of fire resistance (worn)
 E - a +0 cloak of cold resistance (worn)
Jewellery
 l - the ring of the Shouting Queen (right hand) {rC+ EV+4 Str+3}
   (You acquired it on level 8 of the Dungeon)

   [ring of evasion]

   It affects your evasion (+4).
   It affects your strength (+3).
   It protects you from cold.
 w - an uncursed ring of positive energy
 y - an uncursed ring of protection from fire
 z - an uncursed amulet of regeneration
 B - an amulet of faith (around neck)
 C - an uncursed ring of see invisible
 G - a +6 ring of dexterity
 I - a ring of ice (left hand)
 N - a cursed ring of teleportation {unknown}
Wands
 s - a wand of polymorph (8)
 v - a wand of acid (19)
 x - a wand of enslavement (12)
 A - a wand of paralysis (23)
 L - a wand of flame (8)
 P - a wand of iceblast (29)
Scrolls
 g - 4 scrolls of fog
 k - 7 scrolls of remove curse
 n - 5 scrolls of teleportation
 J - a scroll of enchant weapon
Potions
 a - 3 potions of lignification
 b - 2 potions of magic
 e - 2 potions of berserk rage
 f - a potion of heal wounds
 h - 9 potions of curing
 m - a potion of resistance
 p - 3 potions of flight
 q - 3 potions of stabbing {unknown}
 r - a potion of haste
 D - a potion of cancellation {unknown}
 F - a potion of ambrosia {unknown}
 O - a potion of invisibility
Miscellaneous
 K - a lightning rod (4/4)
 M - a phial of floods


   Skills:
 + Level 12.9(12.7) Fighting
 * Level 15.9(15.7) Maces & Flails
   Level 0.3(0.2) Polearms
 - Level 1.7(1.6) Armour
 - Level 1.7(1.6) Dodging


You had 11 spell levels left.
You didn't know any spells.
Your spell library was empty.

Dungeon Overview and Level Annotations

Branches:
Dungeon (14/15)            Temple (0/1) D:4            Lair (0/6) D:9
    Orc (0/2) D:11          IceCv (visited)         Gauntlet (visited)
 Vaults: D:13-14

Altars:
Ashenzari
Cheibriados
Dithmenos
Fedhas
Gozag
Hepliaklqana
Makhleb
Nemelex Xobeh
Qazlal
Ru
Uskayaw
Vehumet
Yredelemnul

Annotations:
D:4 3 runed translucent doors, Lanoc's ghost, amateur MiDe; Yorgos's ghost, amateur GnDe; vogonpoet's ghost, amateur DsGl
D:11 exclusion: ice statue


Innate Abilities, Weirdness & Mutations

You have hoof-like feet.
You are partially covered in slimy green scales. (AC +2)
You sometimes gain a little power by taking damage.
You are mostly covered in sharp spines.


Message History

An ice beast comes into view.
The centaur warrior shoots an arrow.
The arrow barely misses you.
You see here an arrow.
The centaur warrior unwields a +0 shortbow.
The centaur warrior is struck by your spines.
The centaur warrior hits you but does no damage.
An efreet comes into view.
It is wielding a +2 scimitar of flaming.
A basilisk comes into view.
The centaur warrior hits you but does no damage.
The centaur warrior hits you.
* * * LOW HITPOINT WARNING * * *
The centaur warrior wields a +0 shortbow.
The centaur warrior shoots an arrow.
The arrow hits you!
* * * LOW HITPOINT WARNING * * *
The basilisk hisses angrily.
You see here an arrow.
The centaur warrior unwields a +0 shortbow.
The centaur warrior is struck by your spines.
The centaur warrior hits you.
You die...

,,,........°l...#K...........###
***...###.l.R..##..(...........##
,**(..#*#........K...>........(.#
,,*.....#.......K(.............##
,,,.....#...##.uYp#.............#
,,,........#####.##............#*
,,,........#.(##.p...........##*
,,,.....##..<..##c...........#
,,,..####..([...@............#
,,,.,*#*##.#...(###.....#..###
,,,,,.#.##...÷..# #.....#.##
*,*,,...........###.....###
***,,........>....#..#### *
*,,.................##
***,,............##....#
≈≈≈,,.............#...##
,,,,,.......###...#..##


You could see a vault guard and a centaur warrior.

Vanquished Creatures
  3 two-headed ogres
  A centaur warrior (D:11)
  2 unseen horrors
  Pikel (D:4)
  A harpy (shapeshifter) (D:14)
  A phantasmal warrior (D:14)
  A necromancer (IceCv)
  2 ugly things (D:12)
  A deep elf mage (D:8)
  A cyclops (D:11)
  An ice statue (IceCv)
  10 freezing wraiths (IceCv)
  3 trolls
  Grinder (D:5)
  6 hippogriffs
  A shadow (D:11)
  A water elemental (D:14)
  2 wraiths
  A wyvern (D:8)
  12 yaks
  A basilisk (D:12)
  8 vampire mosquitoes
  Edmund (D:6)
  An acid dragon (D:12)
  2 two-headed ogre zombies (D:11)
  A water moccasin (D:12)
  7 sky beasts
  18 orc warriors
  8 ice beasts
  4 phantoms
  An eye of draining (D:14)
  2 ogres
  2 necrophages
  6 centaurs
  A crocodile (D:9)
  3 big kobolds
  12 bullfrogs
  A gnoll sergeant (D:7)
  4 scorpions
  A swamp dragon simulacrum (IceCv)
  2 troll zombies (D:11)
  4 wights (D:9)
  11 killer bees
  An elephant simulacrum (IceCv)
  3 howler monkeys
  2 bullfrog zombies
  3 draconian simulacra (IceCv)
  2 quasits
  10 hounds
  7 orc priests
  7 jellies
  2 bullfrog skeletons
  25 orc wizards
  5 iguanas
  3 centaur skeletons
  3 spriggan simulacra (IceCv)
  9 worker ants
  2 troll simulacra (IceCv)
  A polar bear simulacrum (IceCv)
  A wolf simulacrum (IceCv)
  2 centaur simulacra (IceCv)
  4 ogre zombies (D:11)
  2 hound zombies
  A hound skeleton (D:7)
  Robin (D:3)
  7 gnolls
  12 adders
  5 naga simulacra (IceCv)
  5 ogre simulacra (IceCv)
  A shadow imp (D:6)
  18 white imps
  5 ufetubi
  An ooze (D:1)
  3 adder zombies
  A worm (D:2)
  2 dart slugs
  A leopard gecko (D:11)
  81 orcs
  A ball python (D:5)
  5 bats
  6 giant cockroaches
  23 goblins
  9 hobgoblins
  13 jackals
  9 quokkas
  7 frilled lizards
  3 goblin zombies (D:11)
  A hobgoblin skeleton (D:11)
  3 hobgoblin zombies (D:11)
  22 kobolds
  3 orc skeletons (D:11)
  13 orc zombies (D:11)
  9 rats
518 creatures vanquished.

Vanquished Creatures (collateral kills)
  A death knight (D:14)
  2 freezing wraiths (D:14)
  A wraith (D:14)
  A sky beast (D:14)
5 creatures vanquished.

Vanquished Creatures (others)
  4 withered plants (D:4)
4 creatures vanquished.

Grand Total: 527 creatures vanquished

Notes
Turn   | Place    | Note
-------+----------+-------------------------------------------
     0 | D:1      | HammerPanzer the Demonspawn Berserker began the quest for
                  | the Orb.
     0 | D:1      | Reached XP level 1. HP: 18/18 MP: 1/1
   185 | D:1      | Reached skill level 3 in Maces & Flails
   189 | D:1      | Gained mutation: You have large cloven feet. [demonic
                  | ancestry]
   189 | D:1      | Reached XP level 2. HP: 9/24 MP: 2/2
   960 | D:1      | Reached ** piety under Trog
  1273 | D:2      | Found a snail-covered altar of Cheibriados.
  1276 | D:2      | Reached XP level 3. HP: 23/29 MP: 3/3
  1410 | D:2      | Found a burning altar of Makhleb.
  1671 | D:2      | Reached skill level 4 in Maces & Flails
  1678 | D:2      | Reached XP level 4. HP: 29/37 MP: 4/4
  1866 | D:2      | Found a shattered altar of Ashenzari.
  1916 | D:2      | Found a sacrificial altar of Ru.
  2514 | D:3      | Noticed Robin
  2525 | D:3      | Reached *** piety under Trog
  2541 | D:3      | Killed Robin
  2541 | D:3      | Gained mutation: You have hoof-like feet. [demonic
                  | ancestry]
  2541 | D:3      | Reached XP level 5. HP: 21/42 MP: 5/5
  3068 | D:3      | Found a sparkling altar of Nemelex Xobeh.
  3318 | D:4      | Found a runed translucent gate.
  3319 | D:4      | Found a runed translucent gate.
  3340 | D:4      | Found a runed translucent gate.
  3345 | D:4      | Noticed Yorgos's ghost (amateur GnDe)
  3345 | D:4      | Noticed Lanoc's ghost (amateur MiDe)
  3345 | D:4      | Noticed vogonpoet's ghost (amateur DsGl)
  3578 | D:4      | Reached skill level 5 in Maces & Flails
  3618 | D:4      | Found a staircase to the Ecumenical Temple.
  3627 | D:4      | Noticed a lemure
  3630 | D:4      | Noticed Pikel
  3633 | D:4      | Noticed a lemure
  3635 | D:4      | Noticed a lemure
  3636 | D:4      | Noticed a lemure
  3651 | D:4      | Killed Pikel
  3651 | D:4      | Reached skill level 5 in Fighting
  3651 | D:4      | Reached skill level 6 in Maces & Flails
  3651 | D:4      | Gained mutation: You are partially covered in sharp spines.
                  | [demonic ancestry]
  3651 | D:4      | Reached XP level 6. HP: 19/51 MP: 6/6
  3651 | D:4      | Reached XP level 7. HP: 21/56 MP: 7/7
  3891 | D:4      | Found a basalt altar of Yredelemnul.
  3972 | D:4      | Found a radiant altar of Vehumet.
  4079 | D:4      | Found a hide-covered altar of Uskayaw.
  4083 | D:4      | Found a shadowy altar of Dithmenos.
  4091 | D:4      | Reached skill level 7 in Maces & Flails
  4607 | D:4      | Gained mutation: You are partially covered in slimy green
                  | scales. (AC +2) [demonic ancestry]
  4607 | D:4      | Reached XP level 8. HP: 54/62 MP: 8/8
  4799 | D:5      | Entered Level 5 of the Dungeon
  4801 | D:5      | Noticed Grinder
  4864 | D:5      | Paralysed by Grinder for 3 turns
  4928 | D:5      | Paralysed by Grinder for 6 turns
  4937 | D:5      | Killed Grinder
  4937 | D:5      | Reached skill level 8 in Maces & Flails
  5119 | D:5      | Reached **** piety under Trog
  5382 | D:5      | Found an opulent altar of Gozag.
  5597 | D:6      | Noticed Edmund
  5611 | D:6      | Killed Edmund
  5611 | D:6      | Reached skill level 9 in Maces & Flails
  5641 | D:6      | Gained mutation: You sometimes gain a little power by
                  | taking damage. [demonic ancestry]
  5641 | D:6      | Reached XP level 9. HP: 67/70 MP: 9/9
  5810 | D:6      | Found a stormy altar of Qazlal.
  7120 | D:7      | Reached skill level 10 in Maces & Flails
  7163 | D:7      | Found a hazy altar of Hepliaklqana.
  7399 | D:7      | Reached ***** piety under Trog
  7689 | D:7      | Found an opulent altar of Gozag.
  7798 | D:7      | Found a blossoming altar of Fedhas.
  8257 | D:8      | Noticed a deep elf mage
  8272 | D:8      | Killed a deep elf mage
  8272 | D:8      | Reached skill level 11 in Maces & Flails
  8272 | D:8      | Reached XP level 10. HP: 80/80 MP: 10/10
  9244 | D:8      | Identified a scroll of acquirement
  9244 | D:8      | Acquired the ring of the Shouting Queen {rC+ EV+4 Str+3}
  9433 | D:9      | Found a staircase to the Lair.
  9538 | D:9      | Received a gift from Trog
  9577 | D:9      | Reached skill level 12 in Maces & Flails
 10101 | D:10     | Entered Level 10 of the Dungeon
 10181 | D:10     | Reached skill level 10 in Fighting
 10927 | D:10     | Reached XP level 11. HP: 91/91 MP: 11/11
 11162 | D:11     | Found a staircase to the Orcish Mines.
 11184 | D:11     | Reached ****** piety under Trog
 11192 | D:11     | Reached skill level 13 in Maces & Flails
 11551 | D:11     | Received a gift from Trog
 11671 | D:11     | Noticed a centaur warrior
 11678 | D:11     | Killed a centaur warrior
 12398 | D:12     | Found a gate leading to a gauntlet.
 12407 | Gauntlet | Entered a Gauntlet
 12407 | Gauntlet | Found a transporter.
 12407 | Gauntlet | Found a transporter.
 12407 | Gauntlet | Found a transporter.
 12540 | Gauntlet | Found a transporter.
 12544 | Gauntlet | Found a transporter.
 12554 | Gauntlet | Found a transporter.
 12556 | Gauntlet | Found a transporter.
 12558 | Gauntlet | Found a transporter.
 12559 | Gauntlet | Found a transporter.
 12560 | Gauntlet | Found a large runed translucent door.
 12561 | Gauntlet | Found a large runed translucent door.
 12562 | Gauntlet | Found a large runed translucent door.
 12562 | Gauntlet | Found a large runed translucent door.
 12562 | Gauntlet | Found a runed translucent door.
 12563 | Gauntlet | Found a large runed translucent door.
 12565 | Gauntlet | Found a large runed translucent door.
 12565 | Gauntlet | Found a large runed translucent door.
 12565 | Gauntlet | Found a large runed translucent door.
 12565 | Gauntlet | Noticed a catoblepas
 12566 | Gauntlet | Found a runed translucent gate.
 12569 | Gauntlet | Found a runed translucent gate.
 12569 | Gauntlet | Found a transporter.
 12569 | Gauntlet | Found a transporter.
 12569 | Gauntlet | Noticed a large abomination
 12572 | Gauntlet | Found a runed translucent gate.
 12572 | Gauntlet | Found a runed translucent door.
 12668 | Gauntlet | Found a transporter.
 12674 | Gauntlet | Found a large runed translucent door.
 12675 | Gauntlet | Found a large runed translucent door.
 12676 | Gauntlet | Found a large runed translucent door.
 12676 | Gauntlet | Found a large runed translucent door.
 12677 | Gauntlet | Found a large runed translucent door.
 12678 | Gauntlet | Found a large runed translucent door.
 12679 | Gauntlet | Found a large runed translucent door.
 12679 | Gauntlet | Found a large runed translucent door.
 12979 | D:12     | Noticed a two-headed ogre
 12981 | D:12     | Killed an unseen horror
 12981 | D:12     | Received a gift from Trog
 12988 | D:12     | Killed a two-headed ogre
 12988 | D:12     | Reached skill level 14 in Maces & Flails
 13235 | D:12     | Noticed a brown ugly thing
 13246 | D:12     | Killed a brown ugly thing
 13382 | D:12     | Noticed a two-headed ogre
 13390 | D:12     | Killed a two-headed ogre
 13390 | D:12     | Gained mutation: You are mostly covered in sharp spines.
                  | [demonic ancestry]
 13390 | D:12     | Reached XP level 12. HP: 74/101 MP: 12/12
 14769 | D:13     | Noticed a two-headed ogre
 14777 | D:13     | Killed a two-headed ogre
 15212 | D:14     | Found a frozen archway.
 15213 | D:14     | Noticed a death knight
 15221 | IceCv    | Entered an ice cave
 15338 | IceCv    | Received a gift from Trog
 15411 | IceCv    | Reached skill level 15 in Maces & Flails
 16156 | IceCv    | Found an ancient bone altar of Kikubaaqudgha.
 16977 | D:14     | Received a gift from Trog
 16984 | D:14     | Killed a death knight
 17570 | D:14     | Noticed a vault guard
 17581 | D:14     | Noticed a centaur warrior
 17598 | D:14     | HP: 3/103 [centaur warrior/arrow (17)]
 17599 | D:14     | Slain by a centaur warrior

Illustrated notes

Levels and vault maps discovered:
D:1:      roderic_crossed_star, layout_basic
D:2:      cheibrodos_greedy_goblins, layout_basic, kennysheep_slug_shrine,
          hangedman_ru_absence, overflow_temple_1_default, bloody_makhleb
D:3:      layout_basic, marbit_many_paths, hangedman_decor_lopped, uniq_robin
D:4:      layout_basic, nicolae_overflow_crystal_walls, old_standard_altar,
          grunt_temple_overflow_open, minmay_temple_entry_junction_2,
          gammafunk_ghost_cemetery, uniq_pikel
D:5:      layout_rooms, kennysheep_little_box, uniq_grinder
D:6:      layout_loops_corners, nicolae_qazlal_style_of_elements, uniq_edmund
D:7:      layout_rooms, kennysheep_mini, fedhas_altar_fruit_tree,
          lemuel_tele_altar
D:8:      layout_rooms, guppyfry_early_elven_hall
D:9:      layout_roguey, lair_entry_dummy
D:10:     layout_basic
D:11:     lemuel_ice_statue, layout_irregular_city, zombieorc2_lemuel,
          minmay_misc_feat_room
D:12:     layout_long_grid, gauntlet_entry_generic
D:13:     layout_stronghold, minmay_door_square
D:14:     layout_cave_pools, david_vaults_5, serial_ice, serial_ice_k,
          serial_ice_d, serial_ice_c, serial_ice_f,
          portal_ice_cave_entry_pillars_2, minmay_fountain_box

Skill      XL: |  1  2  3  4  5  6  7  8  9 10 11 12 |
---------------+-------------------------------------+-----
Maces & Flails | 3 4 6 7 9 11 12 14 15 | 15.9
Fighting       | 4 5 6 7 8 10 11 12 | 12.9
Polearms       | |  0.3
Armour         | |  1.7
Dodging        | |  1.7

Action                   |  1- 3 |  4- 6 |  7- 9 | 10-12 || total
-------------------------+-------+-------+-------+-------++-------
Melee: Mace              |   126 |   111 |       |       ||   237
       Kick              |     9 |       |       |       ||     9
       Flail             |       |    68 |    98 |       ||   166
       Great mace        |       |       |   178 |   514 ||   692
       Spear             |       |       |       |    16 ||    16
       Dire flail        |       |       |       |   181 ||   181
Invok: Berserk           |     1 |     2 |     9 |    17 ||    29
       Brothers in Arms  |       |       |       |     1 ||     1
Evoke: Wand              |       |       |       |     3 ||     3
  Use: Scroll            |     6 |     4 |     5 |    21 ||    36
       Potion            |       |     2 |       |     4 ||     6
 Stab: Distracted        |     1 |       |       |       ||     1
Armor: Animal skin       |     5 |       |       |       ||     5
       Ring mail         |    30 |    15 |       |       ||    45
       Chain mail        |       |   126 |    92 |       ||   218
       Plate armour      |       |       |    51 |    62 ||   113
       Scale mail        |       |       |       |   314 ||   314
Dodge: Dodged            |    78 |   108 |    96 |   517 ||   799

Table legend: (Time is in decaauts)
 A = Elapsed time spent in this place.
 B = Non-inter-level travel time spent in this place.
 C = Inter-level travel time spent in this place.
 D = Time resting spent in this place.
 E = Time spent auto-exploring this place.
 F = Levels seen in this place.
 G = Mean time per level.
                   A        B        C        D        E       F      G
               +--------+--------+--------+--------+--------+-----+--------+
         Total |  17928 |  17589 |    339 |   6034 |   7183 |  16 | 1120.5 |
       Dungeon |  15778 |  15439 |    339 |   4567 |   7006 |  14 | 1127.0 |
      Ice Cave |   1793 |   1793 |      0 |   1336 |    177 |   1 | 1793.0 |
      Gauntlet |    356 |    356 |      0 |    131 |      0 |   1 |  356.0 |
               +--------+--------+--------+--------+--------+-----+--------+

Top non-repeatable levels by time:
   IceCv: 1793 daAuts
    D:13: 1721 daAuts
     D:6: 1639 daAuts
     D:4: 1621 daAuts
     D:8: 1420 daAuts
     D:1: 1292 daAuts
     D:2: 1278 daAuts
    D:12: 1276 daAuts
    D:11: 1204 daAuts
    D:10: 1010 daAuts
     D:9: 884 daAuts
     D:3: 778 daAuts
     D:7: 777 daAuts
     D:5: 642 daAuts
Gauntlet: 356 daAuts
